 Dungeon Crawl Stone Soup version 0.18.1-48-g4cf74bf (webtiles) character file.

136918 Gargoyl the Tortoise (level 16, 0/132 HPs)
             Began as a Demonspawn Abyssal Knight on Aug 26, 2016.
             Was the Champion of Lugonu.
             Killed from afar by a deep elf mage (19 damage)
             ... with a bolt of negative energy
             ... on level 3 of the Elven Halls on Aug 27, 2016.
             The game lasted 00:55:45 (24251 turns).

Gargoyl the Tortoise (Demonspawn Abyssal Knight)   Turns: 24251, Time: 00:55:46

Health: 0/132      AC: 32    Str: 20    XL:     16   Next: 67%
Magic:  18/19      EV: 13    Int: 18    God:    Lugonu [******]
Gold:   774        SH: 14    Dex: 19    Spells: 0 memorised, 15 levels left

rFire  + . .     SeeInvis .     g - +7 broad axe "Ukaunaet" {vamp, rF+ Str+2}
rCold  . . .     Gourm    .     C - +0 plate armour
rNeg   . . .     Faith    .     G - +2 shield {AC+3}
rPois  +         Spirit   .     e - +2 hat {Int+3}
rElec  .         Dismiss  .     B - +2 cloak
rCorr  .         Reflect  .     V - +2 pair of fencer's gloves {LBl+4 SBl+4 EV+3 Dex+6}
SustAt .         Harm     .     p - +2 pair of boots
MR     +++..                    l - amulet of regeneration
Stlth  +.........               N - ring of protection from magic
                                h - ring of protection from magic

@: heavily drained, extremely resistant to hostile enchantments, very unstealthy
A: horns 1, nightstalker 3, poison resistance, spiny 3, sturdy frame 3
a: Depart the Abyss, Bend Space, Banish, Corrupt, Enter the Abyss, Brand Weapon
With Distortion, Renounce Religion


You were on level 3 of the Elven Halls.
You worshipped Lugonu.
Lugonu was exalted by your worship.
You were very hungry.

You visited 4 branches of the dungeon, and saw 25 of its levels.
You visited the Abyss 1 time.
You also visited: Labyrinth.

You collected 2581 gold pieces.
You spent 1807 gold pieces at shops.

Inventory:

Hand Weapons
 g - the +7 broad axe "Ukaunaet" (weapon) {vamp, rF+ Str+2}
   (You found it on level 2 of the Abyss)

   It inflicts no extra harm, but heals its wielder somewhat when it strikes a
   living foe.
   It affects your strength (+2).
   It protects you from fire.
 n - a +6 broad axe of chopping
 x - a +4 war axe of flaming
 X - the +8 trident of the Octopus King {venom, rElec rPois MR+}
   (You found it on level 8 of the Lair of Beasts)

   It poisons the flesh of those it strikes.
   It insulates you from electricity.
   It protects you from poison.
   It affects your resistance to hostile enchantments.
Missiles
 w - 42 tomahawks (quivered)
Armour
 e - a +2 hat of intelligence (worn)
 p - a +2 pair of boots (worn)
 B - a +2 cloak (worn)
 C - a +0 plate armour (worn)
 G - a +2 shield of protection (worn)
 V - the +2 pair of fencer's gloves (worn) {LBl+4 SBl+4 EV+3 Dex+6}
   (You found it on level 8 of the Lair of Beasts)

   It affects your evasion (+3).
   It affects your dexterity (+6).
Rods
 A - a +0 lightning rod (13/13)
   (You found it on level 5 of the Dungeon)
Jewellery
 h - a ring of protection from magic (left hand)
 l - an amulet of regeneration (around neck)
 q - an uncursed ring of flight
 u - a +2 ring of strength
 y - a +2 ring of evasion
 N - a ring of protection from magic (right hand)
 S - the ring of Latuok {rCorr Int+3}
   (You found it on level 8 of the Lair of Beasts)

   [ring of resist corrosion]

   It affects your intelligence (+3).
Wands
 i - a wand of acid (4/15)
 s - a wand of iceblast (12/15)
 F - a wand of iceblast (3/15)
 J - a wand of acid (7/15)
Scrolls
 f - 13 scrolls of remove curse
 k - 13 scrolls of teleportation
 m - 2 scrolls of blinking
 z - a scroll of fear
 T - 2 scrolls of recharging
Potions
 d - 3 potions of brilliance
 j - 6 potions of haste
 r - 15 potions of curing
 H - 2 potions of agility
 M - 6 potions of might
 Q - 3 potions of resistance
Books
 a - Roxanne's Tome of the Mountains
   (You took it off Roxanne on level 3 of the Elven Halls)

   Spells                             Type                      Level
   a - Passwall                       Transmutation/Earth          2
   b - Lee's Rapid Deconstruction     Earth                        5
   c - Iron Shot                      Conjuration/Earth            6
   d - Statue Form                    Transmutation/Earth          6
Miscellaneous
 R - a legendary deck of defence {Fortitude}
Comestibles
 c - 11 meat rations
 o - 6 slices of pizza
 t - 13 bread rations
 v - 2 royal jellies
 I - 2 beef jerkies


   Skills:
 + Level 13.7(12.1) Fighting
 + Level 15.0(13.3) Axes
 * Level 15.6(14.0) Armour
 + Level 4.6(3.4) Dodging
 + Level 2.4(1.2) Stealth
 + Level 10.7(9.2) Shields
 + Level 4.6(3.3) Invocations


You had 15 spell levels left.
You didn't know any spells.

Dungeon Overview and Level Annotations

Branches:
Dungeon (12/15)            Temple (0/1) D:5            Lair (8/8) D:11
 Shoals (0/4) Lair:5       Spider (0/4) Lair:3        Slime (0/6) Lair:8
    Orc (2/2) D:12            Elf (3/3) Orc:2

Altars:
Ashenzari
Dithmenos
Elyvilon
Fedhas
Makhleb
Okawaru
Pakellas
Ru
Sif Muna
Vehumet
Xom
Zin
The Shining One
Beogh

Shops:
D:6 }*   D:11 }   Orc:1 ?   Orc:2 (*!(   Elf:2 *   Elf:3 *

Annotations:
Lair:4 exclusion: 2 oklob plants
Elf:3 Wiglaf
Abyss:1 Snorg


Innate Abilities, Weirdness & Mutations

You have a pair of small horns on your head.
You are completely attuned to the shadows.
You are completely covered in sharp spines.
Your movements are significantly less encumbered by armour (ER -6).
Your system is resistant to poisons.


Message History

You are feeling very hungry.
The deep elf sorcerer shouts!
You block the deep elf annihilator's attack.
The deep elf death mage beckons forth a restless soul!
The deep elf high priest calls down the wrath of its god upon you.
Something smites you!
* * * LOW HITPOINT WARNING * * *
The sixfirhy misses you.
The sixfirhy hits you but does no damage.
Unknown command.
Drink which item? (? for menu, Esc to quit)
You feel better.
Your surroundings suddenly seem different.
The mace of holy wrath hits you!
* * * LOW HITPOINT WARNING * * *
You convulse.
* * * LOW HITPOINT WARNING * * *
The deep elf mage points at you and mumbles some strange words.
The bolt of negative energy hits you!
You feel drained.
You die...

.e...... .#.......
.#.......##
#..)))....####
.###...()...(...%
ee.....4....@#
###e#.E§.e...# ######
#.##.§.§.#.. .. ###....#
#. #.§)§e.... ....
#.ee.... #.
##eE.##........##D#C∩.#.
##.(.## # .....#.#...#.
...§..... .......######
###eE.### ##...### #.4.#
####....########


You could see 2 deep elf magi, a fire elemental and a mace of holy wrath.

Vanquished Creatures
  Gastronok (D:8)
  An orc warlord (Orc:1)
  Donald (Elf:1)
  2 deep elf sorcerers
  A deep elf elementalist (Elf:3)
  2 deep elf death magi
  A catoblepas (Lair:8)
  2 ogre magi (Orc:2)
  Erica (D:8)
  25 dancing weapons
  20 death yaks (Lair:8)
  A deep troll shaman (Lair:8)
  An orc high priest (Elf:2)
  12 deep elf knights
  2 unseen horrors
  Pikel (D:8)
  2 deep trolls (Orc:2)
  15 deep elf archers
  3 hill giants
  56 deep elf magi
  An oklob plant (Orc:2)
  2 griffons
  An ugly thing (D:11)
  2 orc sorcerers
  5 cyclopes
  31 elephants
  2 sirens (Lair:5)
  3 black mambas
  5 gargoyles
  10 spiny frogs
  3 centaur skeletons
  11 komodo dragons
  The ghost of Schimscham the Shield-Bearer, an amateur MiFi (D:4)
  A merfolk (Lair:5)
  9 trolls
  2 polar bears
  Grinder (D:3)
  Prince Ribbit (D:6)
  3 blink frogs (Lair:4)
  6 two-headed ogres (Orc:2)
  6 slime creatures
  4 air elementals
  12 orc warriors
  A water elemental (Elf:1)
  31 yaks
  2 wyverns
  2 fire elementals (Elf:1)
  2 hungry ghosts (D:8)
  11 vampire mosquitoes (D:12)
  11 hippogriffs
  3 wargs (Orc:2)
  A mottled dragon (D:12)
  13 water moccasins
  5 porcupines
  3 black bears
  A slave (D:8)
  A sky beast (D:12)
  An eye of draining (D:12)
  2 ice beasts (D:5)
  6 phantoms
  A wasp (D:12)
  21 ogres
  18 wolves
  The ghost of RickumRackum the Gusty, an amateur DrAE of Makhleb (D:3)
  7 centaurs
  12 crocodiles
  3 big kobolds
  15 giant frogs
  2 earth elementals (Elf:2)
  A water moccasin zombie (D:6)
  A scorpion (D:4)
  A water moccasin skeleton (D:7)
  4 killer bees (D:7)
  4 wights (D:6)
  3 electric eels (Lair:8)
  5 howler monkeys
  7 crimson imps
  2 giant frog zombies
  2 quasits
  11 orc priests
  6 hounds
  6 jellies
  5 giant frog skeletons
  3 gnoll shamans
  14 orc wizards
  12 iguanas
  6 worker ants
  24 sheep
  8 ogre zombies (D:12)
  2 hound skeletons
  A howler monkey zombie (D:8)
  12 gnolls
  21 river rats
  9 adders
  3 shadow imps
  An ooze (D:6)
  2 worms
  2 dart slugs (D:1)
  8 giant geckos
  47 orcs
  3 ball pythons
  6 giant cockroaches
  10 goblins
  15 hobgoblins
  14 jackals
  20 kobolds
  3 quokkas
  11 bats
  6 giant newts
  A goblin skeleton (D:12)
  A goblin zombie (D:12)
  2 hobgoblin skeletons (D:12)
  4 hobgoblin zombies (D:12)
  3 orc skeletons (D:12)
  14 orc zombies (D:12)
  A quokka skeleton (D:5)
  12 rats
  2 butterflies (Lair:5)
  5 fungi
  5 plants
819 creatures vanquished.

Vanquished Creatures (collateral kills)
  Roxanne (Elf:3)
1 creature vanquished.

Vanquished Creatures (others)
  2 hydras
  A deep elf knight (Elf:3)
  A deep elf mage (Elf:1)
  An orb spider (Lair:3)
  A slave (D:8)
  A hound (D:8)
  A worker ant zombie (D:8)
  An orc (D:8)
  3 kobolds (D:8)
  16 fungi
  11 plants
39 creatures vanquished.

Grand Total: 859 creatures vanquished

Notes
Turn   | Place    | Note
--------------------------------------------------------------
     0 | Abyss:1  | Gargoyl the Demonspawn Abyssal Knight began the quest for the Orb.
     0 | Abyss:1  | Reached XP level 1. HP: 18/18 MP: 2/2
    58 | Abyss:1  | Noticed a ynoxinul
    67 | Abyss:2  | Got an iridescent broad axe
    76 | Abyss:2  | Noticed an ancient zyme
    76 | D:1      | Escaped the Abyss
    91 | D:1      | Identified the +7 broad axe "Ukaunaet" {vamp, rF+ Str+2} (You found it on level 2 of the Abyss)
   144 | D:1      | Reached * piety under Lugonu
   178 | D:1      | Gained mutation: You have a pair of small horns on your head. [demonic ancestry]
   178 | D:1      | Reached XP level 2. HP: 24/24 MP: 3/3
   204 | D:1      | Found a glowing golden altar of the Shining One.
   521 | D:1      | Gained mutation: You are slightly more attuned to the shadows. [demonic ancestry]
   521 | D:1      | Reached XP level 3. HP: 29/29 MP: 4/4
   934 | D:1      | Reached ** piety under Lugonu
  1108 | D:2      | Found a blossoming altar of Fedhas.
  1453 | D:2      | Gained mutation: You are partially covered in sharp spines. [demonic ancestry]
  1453 | D:2      | Reached XP level 4. HP: 35/35 MP: 6/6
  2318 | D:3      | Noticed Grinder
  2321 | D:3      | Noticed RickumRackum's ghost (amateur DrAE)
  2324 | D:3      | Killed Grinder
  2324 | D:3      | Reached skill level 1 in Dodging
  2324 | D:3      | Reached XP level 5. HP: 42/42 MP: 7/7
  2324 | D:3      | Reached XP level 6. HP: 48/48 MP: 8/8
  2333 | D:3      | Killed RickumRackum's ghost
  2486 | D:3      | Found a faded altar to an unknown god.
  2641 | D:3      | Found a shattered altar of Ashenzari.
  2664 | D:3      | Reached *** piety under Lugonu
  2974 | D:4      | Noticed Schimscham's ghost (amateur MiFi)
  2982 | D:4      | Killed Schimscham's ghost
  2982 | D:4      | Reached skill level 5 in Armour
  2982 | D:4      | Gained mutation: You are mostly covered in sharp spines. [demonic ancestry]
  2982 | D:4      | Reached XP level 7. HP: 28/54 MP: 9/9
  3080 | D:4      | You fall through a shaft!
  3080 | D:5      | Entered Level 5 of the Dungeon
  3148 | D:4      | Found a deep blue altar of Sif Muna.
  3154 | D:4      | Found a white marble altar of Elyvilon.
  3166 | D:4      | Found an iron altar of Okawaru.
  3168 | D:4      | Found a glowing silver altar of Zin.
  3168 | D:4      | Found a burning altar of Makhleb.
  3433 | D:4      | Reached XP level 8. HP: 60/61 MP: 10/10
  3730 | D:5      | Reached **** piety under Lugonu
  3823 | D:5      | Found a sacrificial altar of Ru.
  4338 | D:5      | Found a staircase to the Ecumenical Temple.
  4378 | D:5      | Found a shadowy altar of Dithmenos.
  4700 | D:6      | Reached skill level 5 in Fighting
  4700 | D:6      | Reached skill level 5 in Axes
  4738 | D:6      | Noticed Prince Ribbit
  4742 | D:6      | Killed Prince Ribbit
  4789 | D:6      | Gained mutation: Your movements are slightly less encumbered by armour (ER -2). [demonic ancestry]
  4789 | D:6      | Reached XP level 9. HP: 65/68 MP: 11/11
  4951 | D:6      | Found an oddly glowing altar of Pakellas.
  4951 | D:6      | Found Pakellas's Prime Provisions.
  4998 | D:6      | Found Bopo's General Store.
  5256 | D:6      | You fall through a shaft for 2 floors!
  5270 | D:8      | Noticed Pikel
  5278 | D:8      | Killed Pikel
  5278 | D:8      | Reached skill level 1 in Stealth
  5278 | D:8      | Reached skill level 1 in Shields
  5594 | D:8      | Reached ***** piety under Lugonu
  5633 | D:8      | Noticed Erica
  5637 | D:8      | Gained mutation: You are significantly more attuned to the shadows. [demonic ancestry]
  5637 | D:8      | Reached XP level 10. HP: 77/77 MP: 12/12
  5654 | D:8      | Killed Erica
  5669 | D:8      | Noticed Gastronok
  5692 | D:8      | Killed Gastronok
  5692 | D:8      | Reached skill level 10 in Armour
  5847 | D:8      | You fall through a shaft for 2 floors!
  5847 | D:10     | Entered Level 10 of the Dungeon
  6018 | D:9      | Found a shimmering altar of Xom.
  6180 | D:8      | Found a blossoming altar of Fedhas.
  6937 | D:7      | Identified a +1 rod of clouds (14/14) (You found it on level 8 of the Dungeon)
  7578 | D:9      | Gained mutation: You are completely attuned to the shadows. [demonic ancestry]
  7578 | D:9      | Reached XP level 11. HP: 84/84 MP: 13/13
  7882 | D:9      | Found a radiant altar of Vehumet.
  8163 | D:10     | Killed an unseen horror
  8662 | D:10     | Noticed a hill giant
  8668 | D:10     | Killed a hill giant
  8732 | D:10     | Noticed Snorg
  8737 | D:10     | Banished Snorg
  9461 | D:11     | Found a staircase to the Lair.
  9738 | D:11     | Noticed a cyan ugly thing
  9752 | D:11     | Killed a cyan ugly thing
  9806 | D:11     | Found Wemenk's Gadget Shop.
 10036 | Lair:1   | Entered Level 1 of the Lair of Beasts
 11194 | Lair:2   | Gained mutation: Your movements are less encumbered by armour (ER -4). [demonic ancestry]
 11194 | Lair:2   | Reached XP level 12. HP: 92/94 MP: 14/14
 11250 | Lair:2   | Reached ****** piety under Lugonu
 11269 | Lair:2   | Found a labyrinth entrance.
 11301 | Lab      | Entered a labyrinth
 11789 | Lab      | Gained mutation: Scrolls take you a little longer to read. [potion of mutation]
 11789 | Lab      | Gained mutation: Your body sometimes deteriorates upon taking damage. [potion of mutation]
 11789 | Lab      | Gained mutation: Your flesh is cold resistant. [potion of mutation]
 11832 | Lab      | Gained mutation: Your mind is acute. (Int +2) [potion of mutation]
 11832 | Lab      | Lost mutation: Your mind is acute. (Int +2) [potion of mutation]
 11836 | Lab      | Noticed a minotaur
 12734 | Lair:3   | Reached skill level 10 in Axes
 12750 | Lair:3   | Reached skill level 5 in Shields
 12917 | Lair:3   | Found a hole to the Spider Nest.
 14954 | Lair:5   | Reached skill level 10 in Fighting
 15005 | Lair:5   | Reached XP level 13. HP: 83/103 MP: 16/16
 15254 | Lair:5   | Found a staircase to the Shoals.
 15697 | Lair:6   | Gained mutation: You are robust (+10% HP). [potion of mutation]
 15697 | Lair:6   | Gained mutation: Your spells are a little harder to cast, but a little more powerful. [potion of mutation]
 15697 | Lair:6   | Lost mutation: You are robust (+10% HP). [potion of mutation]
 15698 | Lair:6   | Gained mutation: You are frail (-10% HP). [potion of mutation]
 15698 | Lair:6   | Gained mutation: Your system is resistant to poisons. [potion of mutation]
 16592 | Lair:7   | Identified a scroll of acquirement
 17154 | Lair:8   | Entered Level 8 of the Lair of Beasts
 17450 | Lair:8   | Gained mutation: Your movements are significantly less encumbered by armour (ER -6). [demonic ancestry]
 17450 | Lair:8   | Reached XP level 14. HP: 101/101 MP: 17/17
 17533 | Lair:8   | Found a staircase to the Slime Pits.
 17673 | Lair:8   | Got a fine bone ring
 18256 | Lair:8   | Identified the ring of Latuok {rCorr Int+3} (You found it on level 8 of the Lair of Beasts)
 19038 | D:12     | Found a staircase to the Orcish Mines.
 20006 | Orc:1    | Entered Level 1 of the Orcish Mines
 20130 | Orc:1    | Noticed an orc warlord
 20154 | Orc:1    | Killed an orc warlord
 20317 | Orc:1    | Found Huakupt's Magic Scroll Shoppe.
 20322 | Orc:1    | Bought a scroll of brand weapon for 240 gold pieces
 20322 | Orc:1    | Bought 3 scrolls of teleportation for 108 gold pieces
 20322 | Orc:1    | Bought a scroll of teleportation for 36 gold pieces
 20515 | Orc:2    | Entered Level 2 of the Orcish Mines
 20519 | Orc:2    | Found a staircase to the Elven Halls.
 20584 | Orc:2    | Found Tewifoam's Antique Weapon Emporium.
 20615 | Orc:2    | Reached XP level 15. HP: 108/108 MP: 18/18
 20642 | Orc:2    | Bought a broad axe for 84 gold pieces
 20645 | Orc:2    | Found Ziaff's Distillery.
 20650 | Orc:2    | Bought a potion of cure mutation for 325 gold pieces
 20650 | Orc:2    | Bought a potion of curing for 39 gold pieces
 20650 | Orc:2    | Bought 2 potions of curing for 78 gold pieces
 20650 | Orc:2    | Bought a potion of curing for 39 gold pieces
 20650 | Orc:2    | Bought a potion of ambrosia for 104 gold pieces
 20650 | Orc:2    | Bought 2 potions of might for 104 gold pieces
 20650 | Orc:2    | Bought 2 potions of haste for 260 gold pieces
 20650 | Orc:2    | Lost mutation: Your flesh is cold resistant. [potion of cure mutation]
 20650 | Orc:2    | Lost mutation: Your body sometimes deteriorates upon taking damage. [potion of cure mutation]
 20650 | Orc:2    | Lost mutation: You are frail (-10% HP). [potion of cure mutation]
 20650 | Orc:2    | Lost mutation: Your spells are a little harder to cast, but a little more powerful. [potion of cure mutation]
 20650 | Orc:2    | Lost mutation: Scrolls take you a little longer to read. [potion of cure mutation]
 20656 | Orc:2    | Found Zutoph's Antique Weapon Emporium.
 20656 | Orc:2    | Found Olintul's Assorted Antiques.
 20661 | Orc:2    | Bought a runed broad axe for 104 gold pieces
 20661 | Orc:2    | Bought a potion of heal wounds for 130 gold pieces
 20781 | Orc:2    | Found a roughly hewn altar of Beogh.
 21386 | Elf:1    | Entered Level 1 of the Elven Halls
 21724 | Elf:1    | Noticed a deep elf sorcerer
 21729 | Elf:1    | Killed a deep elf sorcerer
 21732 | Elf:1    | Identified the Almanac of Arcane Weapons
 22118 | Elf:1    | Noticed Donald
 22143 | Elf:1    | Killed Donald
 22644 | Elf:1    | Reached skill level 15 in Armour
 22795 | Elf:2    | Found a runed gate.
 22800 | Elf:2    | Found a runed gate.
 23002 | Elf:2    | Found Ronuups's General Store.
 23002 | Elf:2    | Found a radiant altar of Vehumet.
 23019 | Elf:2    | Found a magical portal.
 23082 | Elf:2    | Reached skill level 10 in Shields
 23239 | Elf:2    | Found a runed gate.
 23380 | Elf:2    | Gained mutation: You are completely covered in sharp spines. [demonic ancestry]
 23380 | Elf:2    | Reached XP level 16. HP: 69/131 MP: 19/19
 24081 | Elf:3    | Entered Level 3 of the Elven Halls
 24100 | Elf:3    | Found Xuphopp's Assorted Antiques.
 24110 | Elf:3    | Bought a scroll of teleportation for 117 gold pieces
 24110 | Elf:3    | Bought a scroll labeled XEOF ORCHUTZIO for 39 gold pieces
 24140 | Elf:3    | Noticed Roxanne
 24156 | Elf:3    | Killed Roxanne
 24158 | Elf:3    | Identified Roxanne's Tome of the Mountains (You took it off Roxanne on level 3 of the Elven Halls)
 24200 | Elf:3    | Noticed a deep elf master archer
 24202 | Elf:3    | Noticed Wiglaf
 24207 | Elf:3    | Noticed a deep elf blademaster
 24239 | Elf:3    | Reached skill level 15 in Axes
 24251 | Elf:3    | Killed from afar by a deep elf mage

Skill      XL: |  1  2  3  4  5  6  7  8  9 10 11 12 13 14 15 16 |
---------------+-------------------------------------------------+-----
Armour         | 2 4 5 6 8 9 10 12 13 14 15 | 15.6
Axes           | 2 3 4 5 6 8 9 10 11 13 14 15 | 15.0
Fighting       | 4 5 6 7 8 10 11 12 13 | 13.7
Dodging        | 1 2 3 4 |  4.6
Stealth        | 1 2 |  2.4
Shields        | 1 2 3 6 7 9 10 | 10.7
Invocations    | 3 4 |  4.6

Action                   |  1- 3 |  4- 6 |  7- 9 | 10-12 | 13-15 | 16-18 || total
-------------------------+-------+-------+-------+-------+-------+-------++-------
Melee: Broad axe         |    86 |    48 |   137 |   502 |  1004 |   204 ||  1981
       Headbutt          |     9 |     5 |    28 |   109 |   269 |    45 ||   465
Throw: Tomahawk          |       |       |     1 |     2 |       |       ||     3
Invok: Depart the Abyss  |     1 |       |       |       |       |       ||     1
       Banish            |       |       |       |     3 |     3 |       ||     6
       Bend Space        |       |       |       |       |     1 |     2 ||     3
  Use: Scroll            |       |       |    11 |    17 |    18 |     3 ||    49
       Potion            |       |       |       |    12 |     7 |     2 ||    21
 Stab: Distracted        |       |       |     1 |       |       |       ||     1
       Held in net/web   |       |       |       |     1 |       |       ||     1
       Sleeping          |       |       |       |       |     1 |       ||     1
  Eat: Bread ration      |     1 |       |       |       |       |       ||     1
       Chunk             |     2 |     5 |     9 |    19 |     1 |     1 ||    37
       Meat ration       |       |       |       |     1 |       |       ||     1
       Fruit             |       |       |       |    19 |    26 |       ||    45
       Royal jelly       |       |       |       |     1 |       |       ||     1
Armor: Chain mail        |    71 |    22 |    73 |       |       |       ||   166
       Plate armour      |       |       |    10 |   271 |   583 |    87 ||   951
Dodge: Dodged            |    43 |    14 |    79 |   146 |   445 |    74 ||   801
Block: Buckler           |       |       |    16 |    24 |       |       ||    40
       Large shield      |       |       |       |   330 |    91 |       ||   421
       Shield            |       |       |       |       |   670 |   153 ||   823
